 Dungeon Crawl Stone Soup version 0.31.0-12-g77e489cdc1 (webtiles) character file.

Game seed: 9165027050153888428

3226 Arctor the Thaumaturge (level 9, -6/45 HPs)
             Began as a Deep Elf Fire Elementalist on Feb 22, 2024.
             Was a Believer of Vehumet.
             Mangled by a gnoll
             ... wielding a +0 spear
             ... led by a gnoll bouda
              (8 damage)
             ... on level 7 of the Dungeon.
             The game lasted 00:13:03 (9458 turns).

Arctor the Thaumaturge (Deep Elf Fire Elementalist) Turns: 9458, Time: 00:13:04

Health: -6/45      AC:  8    Str:  5    XL:     9   Next: 66%
Magic:  5/23       EV:  8    Int: 25    God:    Vehumet [**....]
Gold:   170        SH:  0    Dex: 15    Spells: 12/25 levels left

rFire   . . .        e - +1 short sword (venom)
rCold   . . .        (no shield)
rNeg    . . .        p - +0 steam dragon scales
rPois   +            y - +0 helmet
rElec   .            c - scarf {+Inv}
rCorr   .            t - +1 pair of gloves
SInv    .            (no boots)
Will    .....        q - amulet of faith
Stlth   +++          (no ring)
HPRegen 0.27/turn    (no ring)
MPRegen 0.18/turn

%: faith
@: attractive, held, invisible
A: poison resistance
a: Renounce Religion, Evoke Invisibility


You were on level 7 of the Dungeon.
You worshipped Vehumet.
Vehumet was pleased with you.
You visited 2 branches of the dungeon, and saw 8 of its levels.

You collected 378 gold pieces.
You spent 208 gold pieces at shops.

Inventory:

Hand Weapons
 e - a +1 short sword of venom (weapon)
 h - a +1 spear of venom
Missiles
 B - a throwing net
Armour
 c - a scarf of invisibility (worn)
 p - +0 steam dragon scales (worn)
 t - a +1 pair of gloves (worn)
 y - a +0 helmet (worn)
Jewellery
 a - a ring of ice
 k - a ring of willpower
 l - the ring of the Iron Devil {Ice rPois Will+}
   (You found it on level 3 of the Dungeon)

   [ring of ice]

   Ice:       It enhances your ice magic.
   rF-:       It makes you vulnerable to fire.
   rC+:       It protects you from cold.
   rPois:     It protects you from poison Will+: It increases your willpower.
 q - an amulet of faith (around neck)
 v - an amulet of guardian spirit
Scrolls
 g - a scroll of blinking
 j - 5 scrolls of teleportation
 m - a scroll of vulnerability
 r - 2 scrolls of identify
 u - a scroll of immolation
 w - a scroll of poison
Potions
 b - a potion of magic
 d - 3 potions of might
 f - 2 potions of curing
 i - 2 potions of berserk rage
 n - a potion of brilliance
 o - a potion of resistance
 x - a potion of mutation
 z - 2 potions of attraction
 A - a potion of enlightenment {unknown}


   Skills:
 + Level 7.7 Dodging
 - Level 4.1 Stealth
 + Level 8.5 Spellcasting
 + Level 6.7 Conjurations
 + Level 7.4 Fire Magic
 + Level 5.8 Earth Magic


You had 12 spell levels left.
You knew the following spells:

 Your Spells              Type           Power      Damage    Failure   Level
a - Foxfire               Conj/Fire      100%       2x1d9     1%          1
b - Scorch                Fire           96%        2d9       1%          2
c - Stone Arrow           Conj/Erth      84%        3d12      1%          3
d - Volatile Blastmotes   Fire/Tloc      58%        2d14      3%          3
e - Flame Wave            Conj/Fire      46%        2d12      3%          4

Your spell library contained the following spells:

 Spells                   Type           Power      Damage    Failure   Level
 Freeze                   Ice            40%        1d6       6%          1
 Inner Flame              Hex/Fire       29%        N/A       3%          3
 Jinxbite                 Hex            20%        N/A       9%          2
 Animate Armour           Summ/Erth      50%        N/A       17%         4
 Passage of Golubria      Tloc           10%        N/A       50%         4
 Silence                  Hex/Air        5%         N/A       85%         5
 Yara's Violent Unravell  Hex/Alch       5%         3d4       85%         5
 Enfeeble                 Hex            5%         N/A       100%        7
 Lehudib's Crystal Spear  Conj/Erth      21%        10d6      100%        8
 Chain Lightning          Conj/Air       13%        3d18      100%        9
 Fire Storm               Conj/Fire      23%        8d6       100%        9
 Shatter                  Erth           19%        3d18*     100%        9


Dungeon Overview and Level Annotations

Branches:
Dungeon (7/15)             Temple (1/1) D:5

Altars:
Cheibriados
Dithmenos
Elyvilon
Fedhas
Gozag
Hepliaklqana
Kikubaaqudgha
Makhleb
Okawaru
Qazlal
Ru
Sif Muna
Trog
Uskayaw
Vehumet
Wu Jian
Xom
Yredelemnul
The Shining One

Shops:
D:6 !   D:7 !

Portals:
Abyss: D:7

Annotations:
D:7 2 transporters, turdburglar's ghost, novice DrSh


Innate Abilities, Weirdness & Mutations

Your system is resistant to poisons. (rPois)


Message History

The foxfire hits the gnoll bouda.
The gnoll bouda resists.
The gnoll bouda is heavily wounded.
The foxfire hits the gnoll bouda.
The gnoll bouda resists.
The gnoll bouda is heavily wounded.
The gnoll hits you but does no damage.
You conjure some foxfire!
The gnoll hits you from afar with a +0 spear.
Unknown command.
You struggle against the net.
Your attacks no longer feel as feeble.
The foxfire hits the gnoll bouda.
The gnoll bouda completely resists.
The gnoll bouda is heavily wounded.
The foxfire hits the gnoll.
The gnoll is burned terribly!
The gnoll is severely wounded.
The gnoll closely misses you.
The gnoll bouda hits you with a +0 whip.
The gnoll misses you.
You struggle against the net.
The gnoll is no longer moving quickly.
The gnoll hits you from afar with a +0 halberd!
* * * LOW HITPOINT WARNING * * *
The gnoll bouda barely misses you. The gnoll barely misses you.
Unknown command.
Okay, then.
Okay, then.
It was a potion of attraction.
You feel attractive to monsters.
The gnoll is no longer more vulnerable to fire.
The gnoll hits you from afar with a +0 halberd!
* * * LOW HITPOINT WARNING * * *
The gnoll bouda barely misses you.
The gnoll hits you from afar with a +0 spear.
* * * LOW HITPOINT WARNING * * *
The gnoll is attracted toward you. x2
It was a potion of invisibility.
You fade into invisibility!
The gnoll is no longer moving quickly.
The gnoll barely misses you.
The gnoll bouda barks out a call to the hunt!
The gnolls pick up the pace!
The gnoll hits you with a +0 spear!
You die...

...#.#....#.## ##
..####.#.......... ...
#.............#.## #)#
#.####..#######...
#..###.####.....#######
##....)................
#...§.§.###.##..)))....
+....gg.# #. #...)...##
#....g@.###.##.......##
#...........##.......##
#.......######.......##
#####.#.<..# ##.###....
########## #......# ##.# #....
#........# #####.####..# #....
#........# #......†#..# #....
#........# #†.†.†..#..###..)#
#........####....†..#...##..##


You could see a gnoll bouda (unable to see you) and 2 gnolls.

Vanquished Creatures
  Maggie (D:6)
  2 trolls
  A steam dragon (D:4)
  A water moccasin (D:7)
  An orc warrior (D:7)
  An ice beast (D:3)
  2 ogres
  2 centaurs (D:7)
  3 phantoms
  4 kobold brigands
  2 bullfrogs
  A gnoll sergeant (D:7)
  2 scorpions (D:4)
  A water moccasin zombie (D:6)
  A bullfrog zombie (D:6)
  A bombardier beetle (D:6)
  4 hounds
  A jelly (D:4)
  3 orc priests
  2 bullfrog skeletons (D:6)
  A sleepcap (D:5)
  4 iguanas
  9 orc wizards
  9 gnolls (D:7)
  4 adders
  2 ufetubi (D:6)
  2 dart slugs
  22 orcs
  6 bats
  4 endoplasms
  A giant cockroach (D:1)
  6 goblins
  6 hobgoblins
  3 jackals (D:3)
  7 quokkas
  6 ball pythons
  3 frilled lizards
  30 kobolds
  8 rats
169 creatures vanquished.

Vanquished Creatures (collateral kills)
  8 foxfires (D:1)
8 creatures vanquished.

Vanquished Creatures (others)
  853 foxfires
853 creatures vanquished.

Grand Total: 1030 creatures vanquished

Notes
Turn   | Place    | Note
-------+----------+-------------------------------------------
     0 | D:1      | Arctor the Deep Elf Fire Elementalist began the quest for
                  | the Orb.
     0 | D:1      | Reached XP level 1. HP: 10/10 MP: 6/6
   444 | D:1      | Reached XP level 2. HP: 15/15 MP: 5/8
   485 | D:1      | Learned a level 2 spell: Scorch
  1951 | D:2      | Reached XP level 3. HP: 19/19 MP: 5/9
  2914 | D:3      | Learned a level 3 spell: Stone Arrow
  3056 | D:3      | Identified the ring of the Iron Devil {Ice rPois Will+}
  3148 | D:3      | Found an ancient bone altar of Kikubaaqudgha.
  3155 | D:3      | Noticed an ice beast
  3187 | D:3      | Killed an ice beast
  3188 | D:3      | Reached skill level 4 in Spellcasting
  3188 | D:3      | Reached XP level 4. HP: 24/24 MP: 1/12
  3204 | D:3      | Reached XP level 5. HP: 12/28 MP: 0/13
  3215 | D:3      | Gained mutation: You have a pair of small horns on your
                  | head. [potion of mutation]
  4605 | D:4      | Reached XP level 6. HP: 20/32 MP: 4/14
  4705 | D:4      | Learned a level 3 spell: Volatile Blastmotes
  4915 | D:4      | Reached skill level 1 in Earth Magic
  4959 | D:4      | Noticed a steam dragon
  4964 | D:4      | Killed a steam dragon
  4965 | D:4      | Reached skill level 5 in Spellcasting
  4968 | D:4      | Reached XP level 7. HP: 34/36 MP: 5/17
  5177 | D:4      | Reached skill level 5 in Fire Magic
  5646 | D:4      | Found a glowing golden altar of the Shining One.
  5707 | D:5      | Entered Level 5 of the Dungeon
  5714 | D:5      | Noticed a troll
  5862 | D:4      | Reached skill level 5 in Dodging
  5927 | D:5      | Killed a troll
  5928 | D:5      | Reached skill level 6 in Spellcasting
  6154 | D:5      | Reached XP level 8. HP: 41/41 MP: 12/19
  6232 | D:5      | Learned a level 4 spell: Flame Wave
  6383 | D:5      | Found an iron altar of Okawaru.
  6388 | D:5      | Found a snail-covered altar of Cheibriados.
  6408 | D:5      | Found a shimmering blue altar of Sif Muna.
  6409 | D:5      | Found a blossoming altar of Fedhas.
  6409 | D:5      | Found a bloodstained altar of Trog.
  6411 | D:5      | Found a stormy altar of Qazlal.
  6412 | D:5      | Found a hazy altar of Hepliaklqana.
  6413 | D:5      | Found a basalt altar of Yredelemnul.
  6553 | D:5      | Found a staircase to the Ecumenical Temple.
  6570 | Temple   | Entered the Ecumenical Temple
  6583 | Temple   | Became a worshipper of Vehumet
  7105 | D:6      | Reached skill level 5 in Conjurations
  7454 | D:6      | Noticed a troll
  7458 | D:6      | Killed a troll
  7459 | D:6      | Reached skill level 7 in Spellcasting
  7561 | D:6      | Found an ornate altar of the Wu Jian Council.
  7636 | D:6      | Noticed Maggie
  7649 | D:6      | Killed Maggie
  7650 | D:6      | Reached XP level 9. HP: 27/45 MP: 2/22
  7809 | D:6      | Found Hunymoax's Distillery.
  7821 | D:6      | Bought 2 potions of mutation for 208 gold pieces
  7821 | D:6      | Lost mutation: You have a pair of small horns on your head.
                  | [potion of mutation]
  7821 | D:6      | Gained mutation: Your system is resistant to poisons.
                  | (rPois) [potion of mutation]
  8242 | D:6      | Reached * piety under Vehumet
  8242 | D:6      | Offered knowledge of Shock by Vehumet.
  8245 | D:6      | Reached skill level 5 in Earth Magic
  8624 | D:7      | Found a transporter.
  8631 | D:7      | Found a one-way gate to the infinite horrors of the Abyss.
  8631 | D:7      | Noticed turdburglar's ghost (novice DrSh)
  8650 | D:7      | Reached skill level 8 in Spellcasting
  9008 | D:7      | Found Sitod's Distillery.
  9114 | D:7      | Found a hide-covered altar of Uskayaw.
  9153 | D:7      | Reached ** piety under Vehumet
  9153 | D:7      | Offered knowledge of Freeze by Vehumet.
  9308 | D:7      | Found a transporter.
  9457 | D:7      | HP: 2/45 [gnoll/+0 spear[a gnoll bouda] (1)]
  9458 | D:7      | Mangled by a gnoll

Illustrated notes

Levels and vault maps discovered:
D:1:      scummos_arrival_star, layout_loops_corners, serial_forest,
          infiniplex_forest_straight_2, infiniplex_forest_corner_2,
          infiniplex_forest_3_way, infiniplex_forest_end_double,
          infiniplex_forest_3_way, infiniplex_forest_corner_1,
          minmay_misc_feat_more_columns
D:2:      layout_loops_ring, minmay_misc_feat_doors
D:3:      layout_basic, old_standard_altar
D:4:      layout_basic, marbit_many_paths
D:5:      layout_basic, minitemple, minmay_temple_entry_grid
D:6:      layout_gridville, mainiacjoe_overflow_brackets, serial_undead,
          serial_undead_f, serial_undead_a, serial_undead_c, serial_undead_f,
          serial_shops, shop, uniq_maggie
D:7:      layout_basic, nicolae_uskayaw_murder_on_the_dancefloor, serial_shops,
          shop, gammafunk_ghost_abyssal_escape
Temple:   nicolae_temple_bog_church

Skill      XL: |  1  2  3  4  5  6  7  8  9 |
---------------+----------------------------+-----
Stealth        | 3 4 |  4.1
Dodging        | 3 4 5 6 7 |  7.7
Spellcasting   | 4 5 6 7 8 |  8.5
Conjurations   | 2 3 4 5 6 |  6.7
Fire Magic     | 4 5 6 7 |  7.4
Earth Magic    | 2 3 4 5 |  5.8

Action                     |  1- 3 |  4- 6 |  7- 9 || total
---------------------------+-------+-------+-------++-------
  Melee: Spear             |     3 |    12 |       ||    15
         Punch             |     1 |     1 |       ||     2
         Short sword       |       |     3 |       ||     3
         Headbutt          |       |     1 |       ||     1
   Cast: Foxfire           |   138 |    86 |   292 ||   516
         Scorch            |     9 |    12 |    52 ||    73
         Volatile Blastmot |       |     1 |     3 ||     4
         Stone Arrow       |       |       |     2 ||     2
         Flame Wave        |       |       |     1 ||     1
    Use: Scroll            |     1 |       |    10 ||    11
         Potion            |       |     2 |     4 ||     6
 Armour: Robe              |    13 |    24 |       ||    37
         Steam dragon scal |       |       |    48 ||    48
  Dodge: Dodged            |    15 |    27 |    47 ||    89
